 Dungeon Crawl Stone Soup version 0.21.1-68-g103a7af (webtiles) character file.

371 lysyklops the Skirmisher (level 6, 0/50 HPs)
             Began as a Demonspawn Berserker on Aug 1, 2018.
             Was a Believer of Trog.
             Succumbed to a scorpion's poison
             ... on level 4 of the Dungeon.
             The game lasted 00:06:55 (3560 turns).

lysyklops the Skirmisher (Demonspawn Berserker)     Turns: 3560, Time: 00:06:55

Health: 0/50       AC: 13    Str: 19    XL:     6   Next: 42%
Magic:  6/6        EV:  6    Int:  8    God:    Trog [**....]
Gold:   154        SH:  0    Dex: 13    Spells: 5/5 levels left

rFire    . . .     SeeInvis .   a - +0 mace
rCold    + . .     Gourm    .   (no shield)
rNeg     . . .     Faith    .   r - +0 plate armour
rPois    .         Spirit   .   (no helmet)
rElec    .         Reflect  .   (no cloak)
rCorr    .         Harm     .   (no gloves)
MR       .....                  (no boots)
Stlth    ..........             (no amulet)
HPRegen  0.16/turn              (no ring)
MPRegen  0.10/turn              (no ring)

@: lethally poisoned (0 -> -25)
A: hooves 1, iridescent scales 1, cold resistance 1
a: Berserk, Trog's Hand, Burn Spellbooks, Renounce Religion


You were on level 4 of the Dungeon.
You worshipped Trog.
Trog was pleased with you.
You were not hungry.

You visited 1 branch of the dungeon, and saw 4 of its levels.

You collected 154 gold pieces.

Inventory:

Hand Weapons
 a - a +0 mace (weapon)
Armour
 b - a +0 animal skin
 r - a +0 plate armour (worn)
Jewellery
 l - an uncursed amulet of regeneration {unknown}
 q - a cursed -2 ring of evasion {unknown}
Wands
 x - a wand of random effects (8)
Scrolls
 d - 3 scrolls of random uselessness {unknown}
 e - 2 scrolls of noise {unknown}
 f - a scroll of enchant weapon {unknown}
 h - 4 scrolls of identify {unknown}
 i - 4 scrolls of remove curse {unknown}
 n - a scroll of amnesia {unknown}
 t - 3 scrolls of teleportation {unknown}
 u - a scroll of immolation {unknown}
 v - a scroll of fog {unknown}
Potions
 g - a potion of berserk rage {unknown}
 j - 2 potions of flight {unknown}
 k - 2 potions of cancellation {unknown}
 m - 3 potions of lignification {unknown}
 o - a potion of invisibility {unknown}
 p - 2 potions of heal wounds {unknown}
 s - a potion of might {unknown}
 w - a potion of brilliance {unknown}
Comestibles
 c - 2 rations


   Skills:
 + Level 4.8 Fighting
 + Level 4.6 Maces & Flails
 + Level 3.1 Armour
 - Level 2.2 Dodging
 - Level 0.8 Stealth


You had 5 spell levels left.
You didn't know any spells.

Dungeon Overview and Level Annotations

Branches:
Dungeon (4/15)
 Temple: D:4-7

Altars:
Kikubaaqudgha
Okawaru
Vehumet
Xom
Zin


Innate Abilities, Weirdness & Mutations

You have large cloven feet.
You are partially covered in iridescent scales. (AC +2)
Your flesh is cold resistant. (rC+)


Message History

The scorpion stings you but does no damage.
You closely miss the scorpion. Your kick misses the scorpion.
* * * LOW HITPOINT WARNING * * *
You feel sick. The scorpion closely misses you.
You barely miss the scorpion.
You kick the scorpion, but do no damage.
* * * LOW HITPOINT WARNING * * *
You feel sick. The scorpion stings you.
* * * LOW HITPOINT WARNING * * *
You are more poisoned.
The scorpion poisons you!
You hit the scorpion.
You kick the scorpion, but do no damage.
The scorpion is lightly wounded.
* * * LOW HITPOINT WARNING * * *
You feel sick.
The scorpion stings you but does no damage.
You hit the scorpion but do no damage. You kick the scorpion.
The scorpion is moderately wounded.
You die...

#...........#####
#...........#
#...........#
##.......>...#
#####........####...
#............# ...
#...###..#+## ..
#...s......#
#...#@.._..# #...
#......# ....
#..+...# ...
######## .. .


You could see a scorpion.

Vanquished Creatures
  A centaur (D:4)
  A scorpion (D:4)
  3 vampire bats (D:3)
  A hound (D:2)
  2 adders
  An ooze (D:2)
  A worm (D:2)
  2 dart slugs
  2 leopard geckos
  An orc (D:3)
  8 bats
  3 bat skeletons (D:3)
  A bat zombie (D:3)
  2 giant cockroaches (D:1)
  4 goblins
  10 hobgoblins
  7 jackals (D:1)
  5 kobolds
  A quokka (D:3)
  7 frilled lizards
  4 rats
67 creatures vanquished.

Notes
Turn   | Place    | Note
-------+----------+-------------------------------------------
     0 | D:1      | lysyklops the Demonspawn Berserker began the quest for the Orb.
     0 | D:1      | Reached XP level 1. HP: 18/18 MP: 1/1
   319 | D:1      | Gained mutation: You are partially covered in iridescent scales. (AC +2) [demonic ancestry]
   319 | D:1      | Reached XP level 2. HP: 16/24 MP: 2/2
  1112 | D:1      | Reached XP level 3. HP: 29/29 MP: 3/3
  1419 | D:1      | Reached ** piety under Trog
  1565 | D:2      | Gained mutation: Your flesh is cold resistant. (rC+) [demonic ancestry]
  1565 | D:2      | Reached XP level 4. HP: 26/37 MP: 4/4
  1784 | D:2      | Found an iron altar of Okawaru.
  1948 | D:2      | Found a radiant altar of Vehumet.
  2484 | D:3      | Found a glowing silver altar of Zin.
  2885 | D:3      | Found an ancient bone altar of Kikubaaqudgha.
  2904 | D:3      | Gained mutation: You have large cloven feet. [demonic ancestry]
  2904 | D:3      | Reached XP level 5. HP: 27/42 MP: 5/5
  3390 | D:4      | Noticed a centaur
  3402 | D:4      | Killed a centaur
  3402 | D:4      | Reached XP level 6. HP: 31/49 MP: 6/6
  3528 | D:4      | Found a shimmering altar of Xom.
  3559 | D:4      | HP: 2/50 [poisoned by a scorpion]
  3560 | D:4      | Succumbed to a scorpion's poison

Skill      XL: |  1  2  3  4  5 |
---------------+----------------+-----
Maces & Flails | 3 4 |  4.6
Dodging        | 2 |  2.2
Fighting       | 4 |  4.8
Armour         | 2 3 |  3.1
Stealth        | |  0.8

Action                   |  1- 3 |  4- 6 || total
-------------------------+-------+-------++-------
Melee: Mace              |   125 |   160 ||   285
       Kick              |       |    14 ||    14
 Stab: Sleeping          |     1 |     1 ||     2
  Eat: Chunk             |     2 |     3 ||     5
       Ration            |       |     1 ||     1
Armor: Animal skin       |    32 |    13 ||    45
       Plate armour      |       |   163 ||   163
Dodge: Dodged            |   102 |   101 ||   203
